 Dungeon Crawl Stone Soup version 0.31-a0-152-g6aa68a64a1 (webtiles) character file.

Game seed: 533909024518615493

323 sanka the Conjurer (level 6, 0/67 HPs)
             Began as a Demigod Conjurer on June 9, 2023.
             Slain by Pikel
             ... wielding a +2 whip of freezing
              (10 damage)
             ... on level 4 of the Dungeon.
             The game lasted 00:07:24 (4731 turns).

sanka the Conjurer (Demigod Conjurer)               Turns: 4731, Time: 00:07:25

Health: 0/67       AC: 23    Str: 11    XL:     6   Next: 2%
Magic:  12/12      EV:  2    Int: 28    God:
Gold:   246        SH:  5    Dex: 12    Spells: 2/10 levels left

rFire   . . .        B - +11 morningstar of Drought {speed, rC++ Str+3}
rCold   + + .        (no shield)
rNeg    . . .        a - melded +0 robe
rPois   +            (helmet currently unavailable)
rElec   .            (cloak currently unavailable)
rCorr   .            (gloves currently unavailable)
SInv    .            (boots currently unavailable)
Will    +....        l - amulet of reflection
Stlth   ++           s - ring of willpower
HPRegen 0.31/turn    w - +5 ring of evasion
MPRegen 0.13/turn

%: reflection
@: tree-form
A: stationary, stasis, torment immunity, boosted hp, high MP 1, forlorn, divine
attributes
a: no special abilities


You were on level 4 of the Dungeon.
You were a tree.
You visited 1 branch of the dungeon, and saw 4 of its levels.

You collected 246 gold pieces.


Innate Abilities, Weirdness & Mutations

You are a tree.
Your roots penetrate the ground, keeping you stationary.
You cannot be teleported.
You are immune to unholy pain and torment.
Your maximum health is greatly increased.
Your equipment is partially melded.
You have an increased reservoir of magic. (+10% MP)
You shall have no god before yourself.
Your divine heritage dramatically boosts your attributes as you level up.


   Skills:
 + Level 0.1 Fighting
 + Level 1.8 Dodging
 - Level 1.7 Stealth
 - Level 2.5 Spellcasting
 - Level 6.2 Conjurations
 - Level 1.4 Air Magic


You had 2 spell levels left.
You knew the following spells:

 Your Spells              Type           Power      Damage    Failure   Level
x - Searing Ray           Conj           76%        2d7       1%          2
y - Arcjolt               Conj/Air       12%        1d22      45%         5
z - Magic Dart            Conj           100%       1d8       1%          1

Your spell library contained the following spells:

 Spells                   Type           Power      Damage    Failure   Level
 Beastly Appendage        Tmut           6%         N/A       9%          1
 Wereblood                Tmut           3%         N/A       13%         2
 Dazzling Flash           Conj/Hex       42%        N/A       7%          3
 Vhi's Electric Charge    Tloc/Air       14%        N/A       19%         3
 Fulminant Prism          Conj/Hex       10%        3d9       24%         4
 Iskenderun's Mystic Bla  Conj/Tloc      21%        2d6       24%         4
 Call Canine Familiar     Summ           3%         N/A       26%         3
 Portal Projectile        Hex/Tloc       6%         N/A       26%         3
 Spider Form              Tmut/Pois      3%         N/A       26%         3
 Leda's Liquefaction      Hex/Erth       1%         N/A       65%         4
 Plasma Beam              Fire/Air       3%         2x1d13    100%        6

Inventory:

Hand Weapons
 c - a +0 spear
 d - a +0 flail
 g - a +1 heavy quarterstaff
 r - a +3 whip of venom
 x - a +2 spectral quarterstaff
 B - the +11 morningstar of Drought (weapon) {speed, rC++ Str+3}

   Str:       It affects your strength (+3).
   rC:        It greatly protects you from cold.
Armour
 a - a +0 robe (melded)
 y - an orb of light
Jewellery
 i - a ring of wizardry
 l - an amulet of reflection (around neck)
 s - a ring of willpower (left branch)
 w - a +5 ring of evasion (right branch)
 C - a ring of fire
Scrolls
 h - 2 scrolls of noise {unknown}
 k - 2 scrolls of identify {unknown}
 m - a scroll of teleportation {unknown}
 o - a scroll of fear {unknown}
 p - a scroll of amnesia {unknown}
 q - 2 scrolls of immolation {unknown}
 t - a scroll of fog {unknown}
 z - a scroll of poison {unknown}
 A - a scroll of enchant weapon {unknown}
Potions
 b - a potion of magic
 e - a potion of brilliance {unknown}
 f - a potion of berserk rage {unknown}
 j - a potion of haste {unknown}
 n - a potion of might {unknown}
 u - a potion of lignification {!q}
 v - a potion of degeneration {unknown}

Dungeon Overview and Level Annotations

Branches:
Dungeon (4/15)
 Temple: D:4-7

Annotations:
D:4 exclusion: 2 lemures, Pikel, Sigmund

..▒▒▒▒▒▒...▒▒▒▒▒▒▒
.K.............▒ ▒.......▒
▒▒......▒ ▒▒.....▒▒ ▒5.▒▒▒.▒▒
▒55▒ ▒▒.▒▒ ..▒ ▒K▒▒ ▒▒.▒▒ ...
..▒▒▒ ▒▒♣▒ ▒▒.▒▒ .. ▒...▒▒▒▒▒..▒
▒..▒▒ ▒. ▒.........▒ ▒▒..▒ ▒▒. ▒
▒▒...▒▒▒...▒▒▒▒▒▒ ▒..▒▒▒▒.. ▒
▒▒...............▒ ▒...▒.... ▒▒
▒▒▒................▒ ▒........
.▒▒▒..................▒▒▒▒.......
.......................▒ ▒▒......
................)......▒ ▒......


You could see Pikel and 3 lemures.


Message History

Pikel hits you with a +2 whip of freezing!
You closely miss Pikel.
Pikel is moderately wounded.
Pikel misses you.
You thump Pikel!
Pikel is heavily wounded.
Pikel hits you with a +2 whip of freezing!
* * * LOW HITPOINT WARNING * * *
Pikel freezes you.
* * * LOW HITPOINT WARNING * * *
You closely miss Pikel.
Pikel is heavily wounded.
Pikel barely misses you.
You closely miss Pikel.
Pikel is heavily wounded.
Pikel closely misses you.
You miss Pikel.
Pikel is heavily wounded.
Pikel hits you with a +2 whip of freezing!
* * * LOW HITPOINT WARNING * * *
Pikel freezes you.
* * * LOW HITPOINT WARNING * * *
It was a potion of lignification.
You turn into a tree.
Your roots penetrate the ground.
Pikel hits you but does no damage.
You hit Pikel.
Pikel is severely wounded.
Pikel hits you with a +2 whip of freezing!
You die...

Action                     |  1- 3 |  4- 6 || total
---------------------------+-------+-------++-------
  Melee: Spear             |     4 |       ||     4
         Quarterstaff      |     1 |    12 ||    13
         Morningstar       |       |    17 ||    17
   Cast: Magic Dart        |   102 |    63 ||   165
         Searing Ray       |       |     5 ||     5
    Use: Potion            |       |     1 ||     1
 Armour: Robe              |     4 |       ||     4
         Skin              |       |     1 ||     1
  Dodge: Dodged            |    10 |    21 ||    31
  Block: Other             |     2 |     4 ||     6

Levels and vault maps discovered:
D:1:      dpeg_arrival_castle, layout_loops_ring
D:2:      layout_basic, serial_curves, eino_curves_01, eino_curves_03,
          eino_curves_02, minmay_misc_feat_pillars,
          nicolae_concentric_dashed_squares_mild, minmay_misc_feat_enclosed,
          serial_bayou_pond_a, serial_park_tiny_pond
D:3:      layout_basic, dreamdust_ecumenical_altar_hidden_monk_grotto
D:4:      minmay_thinvault, layout_layer_cave,
          lemuel_mausoleum_altar_yredelemnul, uniq_pikel, uniq_sigmund,
          uniq_duvessa, uniq_menkaure

Notes
Turn   | Place    | Note
-------+----------+-------------------------------------------
     0 | D:1      | sanka the Demigod Conjurer began the quest for the Orb.
     0 | D:1      | Reached XP level 1. HP: 14/14 MP: 5/5
   131 | D:1      | Reached skill level 2 in Spellcasting
   131 | D:1      | Reached skill level 4 in Conjurations
   202 | D:1      | Reached XP level 2. HP: 20/20 MP: 4/7
   205 | D:1      | Learned a level 2 spell: Searing Ray
  1372 | D:2      | Reached XP level 3. HP: 26/26 MP: 4/8
  1776 | D:2      | Reached skill level 5 in Conjurations
  2932 | D:3      | Reached XP level 4. HP: 33/33 MP: 5/9
  3846 | D:4      | Reached skill level 6 in Conjurations
  3846 | D:4      | Reached XP level 5. HP: 30/38 MP: 1/10
  3852 | D:4      | Learned a level 5 spell: Arcjolt
  3960 | D:4      | Noticed Sigmund
  4419 | D:4      | Noticed an ogre
  4430 | D:4      | Killed an ogre
  4431 | D:4      | Reached skill level 1 in Air Magic
  4560 | D:4      | Identified the +11 morningstar of Drought {speed, rC++
                  | Str+3}
  4573 | D:4      | Reached XP level 6. HP: 45/45 MP: 12/12
  4710 | D:4      | Noticed Pikel
  4731 | D:4      | Slain by Pikel

Vanquished Creatures
  An ogre (D:4)
  A lemure (D:4)
  2 iguanas (D:4)
  A gnoll (D:1)
  9 adders
  2 worms
  4 dart slugs
  3 orcs (D:4)
  6 bats
  6 endoplasms
  3 giant cockroaches
  4 goblins
  8 hobgoblins
  4 jackals (D:2)
  2 kobolds
  3 quokkas
  9 ball pythons
  2 frilled lizards (D:1)
  8 rats
78 creatures vanquished.
